 Dungeon Crawl Stone Soup version 0.28.0-45-g0d030f2227 (webtiles) character file.

Game seed: 3790591819602339241

183 Peloso the Covered (level 5, -4/47 HPs)
             Began as a Minotaur Fighter on Apr 5, 2022.
             Was an Initiate of Okawaru.
             Slain by Duvessa
             ... wielding a +2 rapier of speed
              (10 damage)
             ... on level 3 of the Dungeon.
             The game lasted 00:04:22 (2767 turns).

Peloso the Covered (Minotaur Fighter)               Turns: 2767, Time: 00:04:23

Health: -4/47      AC:  7    Str: 21    XL:     5   Next: 35%
Magic:  4/4        EV:  9    Int:  5    God:    Okawaru [......]
Gold:   111        SH:  4    Dex: 11    Spells: 4/4 levels left

rFire   . . .      SeeInvis .   a - +0 long sword
rCold   . . .      Faith    .   c - +0 buckler
rNeg    . . .      Spirit   .   b - +0 scale mail
rPois   .          Reflect  .   (helmet restricted)
rElec   .          Harm     .   (no cloak)
rCorr   .          Rampage  .   (no gloves)
Will    .....                   (no boots)
Stlth   ..........              (no amulet)
HPRegen 0.15/turn               (no ring)
MPRegen 0.09/turn               (no ring)

@: lit by a corona, glowing
A: horns 2, retaliatory headbutt
a: Renounce Religion


You were on level 3 of the Dungeon.
You worshipped Okawaru.
Okawaru was noncommittal.
You visited 1 branch of the dungeon, and saw 4 of its levels.

You collected 111 gold pieces.

Inventory:

Hand Weapons
 a - a +0 long sword (weapon)
Armour
 b - a +0 scale mail (worn)
 c - a +0 buckler (worn)
Jewellery
 q - a +4 ring of evasion
Wands
 m - a wand of iceblast (8)
 r - a wand of mindburst (7)
Scrolls
 e - 6 scrolls of identify {unknown}
 f - a scroll of fear {unknown}
 g - a scroll of teleportation {unknown}
 h - a scroll of holy word {unknown}
 n - a scroll of enchant armour {unknown}
 o - a scroll of summoning {unknown}
Potions
 d - 2 potions of might
 i - 2 potions of curing {unknown}
 j - a potion of cancellation {unknown}
 k - 2 potions of attraction {unknown}
 l - a potion of brilliance {unknown}
 p - a potion of magic {unknown}


   Skills:
 + Level 4.4 Fighting
 + Level 4.6 Long Blades
 + Level 5.0 Armour
 + Level 0.3 Dodging
 + Level 4.2 Shields


You had 4 spell levels left.
You didn't know any spells.
Your spell library contained the following spells:

 Spells                   Type           Power      Damage    Failure   Level
 Sandblast                Erth           0%         2d4       88%         1
 Passwall                 Tmut/Erth      0%         N/A       95%         2
 Stone Arrow              Conj/Erth      0%         3d7       99%         3
 Hailstorm                Conj/Ice       0%         3d3       100%        4
 Ice Form                 Ice/Tmut       0%         N/A       100%        4
 Simulacrum               Ice/Necr       Unusable   N/A       N/A         6

Dungeon Overview and Level Annotations

Branches:
Dungeon (4/15)
 Temple: D:4-7

Altars:
Nemelex Xobeh
Okawaru
Qazlal
Ru
Vehumet

Annotations:
D:3 Dowan, Duvessa


Innate Abilities, Weirdness & Mutations

You have a pair of horns on your head.
You reflexively headbutt those who attack you in melee.


Message History

Where to? (Enter - D:12, ? - help)
What level of the Dungeon? (default 1, ? - help)
You see here an adder corpse.
There is a stone staircase leading down here.
You climb downwards.
There is a stone staircase leading up here.
Dowan is nearby!
Dowan is nearby!
Dowan casts a spell at something.
There is a stone staircase leading up here.
Duvessa, Sister of Dowan comes into view.
She is wielding a +2 rapier of speed.
Duvessa shouts!
Duvessa says, "When magic and the sword combine, nothing stands against them."
An ogre comes into view. It is wielding a +0 giant club.
The ogre shouts!
You can't go down here!
You hit Duvessa. You headbutt Duvessa, but do no damage.
Duvessa is lightly wounded.
Duvessa hits you but does no damage. You block Duvessa's attack.
Duvessa barely misses you. You furiously retaliate!
You headbutt Duvessa.
Unknown command.
You barely miss Duvessa. You headbutt Duvessa.
Duvessa is lightly wounded.
You block Duvessa's attack. Dowan hits you with a +0 dagger.
Duvessa hits you with a +2 rapier of speed! x2
Dowan hits you with a +0 dagger.
Unknown command.
Duvessa completely misses you.
Duvessa hits you with a +2 rapier of speed.
Dowan points at you and mumbles some strange words.
You are outlined in light.
You climb upwards.
There is a stone staircase leading down here.
Unknown command.
Duvessa hits you with a +2 rapier of speed!
* * * LOW HITPOINT WARNING * * *
Duvessa hits you with a +2 rapier of speed.
* * * LOW HITPOINT WARNING * * *
Duvessa hits you with a +2 rapier of speed!
You die...

#......##.#..............#####
<....#.##.#.###..........#
.#####†#....# #.##########
.##.........###.#
###...........#.#
#........##.#.#
#...........#e#
#........####>#### #......<.#
#e@..# ####'##### ####.# #.#
#.# #.# #.######### #.#
#.........#
#.###################.#
#.....................#
#######################


You could see Duvessa (fast) and Dowan.

Vanquished Creatures
  A bullfrog (D:3)
  4 adders
  2 worms
  2 dart slugs
  4 orcs (D:3)
  4 ball pythons
  7 endoplasms
  5 giant cockroaches
  6 goblins
  8 hobgoblins
  4 kobolds
  4 quokkas
  4 bats
  6 frilled lizards
  4 rats
65 creatures vanquished.

Notes
Turn   | Place    | Note
-------+----------+-------------------------------------------
     0 | D:1      | Peloso the Minotaur Fighter began the quest for the Orb.
     0 | D:1      | Reached XP level 1. HP: 19/19 MP: 0/0
    52 | D:1      | Reached XP level 2. HP: 27/27 MP: 1/1
   117 | D:1      | Reached skill level 4 in Armour
   654 | D:2      | Reached XP level 3. HP: 33/33 MP: 2/2
  1104 | D:2      | Found a faded altar of an unknown god.
  1565 | D:2      | Reached XP level 4. HP: 40/40 MP: 3/3
  1995 | D:3      | Found a sparkling altar of Nemelex Xobeh.
  2004 | D:3      | Found a sacrificial altar of Ru.
  2004 | D:3      | Found a radiant altar of Vehumet.
  2005 | D:3      | Found a stormy altar of Qazlal.
  2174 | D:3      | Noticed a bullfrog
  2181 | D:3      | Killed a bullfrog
  2182 | D:3      | Reached XP level 5. HP: 30/47 MP: 4/4
  2533 | D:3      | Reached skill level 5 in Armour
  2698 | D:3      | Found an iron altar of Okawaru.
  2707 | D:3      | Became a worshipper of Warmaster Okawaru
  2753 | D:4      | Noticed Dowan
  2757 | D:4      | Noticed Duvessa
  2759 | D:4      | Noticed an ogre
  2767 | D:3      | Slain by Duvessa

Illustrated notes

Levels and vault maps discovered:
D:1:      heliophobic_arrival_enchanted_forest, layout_rooms,
          grunt_decor_arrowhead
D:2:      minmay_general_purpose_star, layout_loops_ring,
          shapermc_ecumenical_altar_mp_ritualfount, grunt_ministairs_12,
          patterned_corridor
D:3:      layout_basic, grunt_temple_overflow_open,
          lemuel_coloured_pillars_altar, minmay_vboxes
D:4:      kennysheep_spiral_hall, layout_rooms, nicolae_gozag_seed_capital,
          nicolae_yredelemnul_corpse_copse, serial_shops, shop,
          minmay_shop_grid_forest, uniq_sigmund, uniq_duvessa, uniq_menkaure,
          uniq_pikel

Skill      XL: |  1  2  3  4  5 |
---------------+----------------+-----
Armour         | 4 5 |  5.0
Fighting       | 4 |  4.4
Shields        | 4 |  4.2
Long Blades    | 3 4 |  4.6
Dodging        | |  0.3

Action                   |  1- 3 |  4- 6 || total
-------------------------+-------+-------++-------
Melee: Long sword        |    90 |    53 ||   143
       Headbutt          |    13 |    15 ||    28
Armor: Scale mail        |    29 |    24 ||    53
Dodge: Dodged            |    38 |    14 ||    52
Block: Buckler           |    22 |    11 ||    33
